 Dungeon Crawl Stone Soup version 0.30.0-19-g36f170ea60 (webtiles) character file.

Game seed: 6812456440657899673

4 monsoonserge the Sneak (level 1, 0/9 HPs)
             Began as a Vine Stalker Enchanter on May 30, 2023.
             Slain by a kobold
             ... wielding a +0 club
              (2 damage)
             ... on level 1 of the Dungeon.
             The game lasted 00:00:48 (89 turns).

monsoonserge the Sneak (Vine Stalker Enchanter)       Turns: 89, Time: 00:00:48

Health: 0/9        AC:  2    Str: 10    XL:     1   Next: 70%
Magic:  0/4        EV: 12    Int: 15    God:
Gold:   0          SH:  0    Dex: 14    Spells: 4/4 levels left

rFire   . . .        a - +1 dagger
rCold   . . .        (no shield)
rNeg    . . .        b - +0 robe
rPois   .            (no helmet)
rElec   .            (no cloak)
rCorr   .            (no gloves)
SInv    .            (no boots)
Will    .....        (no amulet)
Stlth   ++           (no ring)
HPRegen 0.21/turn    (no ring)
MPRegen 0.09/turn

%: guardian spirit
@: no status effects
A: fangs 2, magic shield, antimagic bite, no potion heal 2
a: no special abilities


You were on level 1 of the Dungeon.
You visited 1 branch of the dungeon, and saw 1 of its levels.

Inventory:

Hand Weapons
 a - a +1 dagger (weapon)
Armour
 b - a +0 robe (worn)
Scrolls
 d - a scroll of vulnerability {unknown}
Potions
 c - 2 potions of invisibility


   Skills:
 + Level 0.3 Fighting
 + Level 1.0 Short Blades
 + Level 1.5 Dodging
 + Level 3.8 Stealth
 + Level 2.2 Spellcasting
 + Level 3.0 Hexes


You had 4 spell levels left.
You didn't know any spells.
Your spell library contained the following spells:

 Spells                   Type           Power      Damage    Failure   Level
 Ensorcelled Hibernation  Hex/Ice        12%        N/A       19%         2
 Confusing Touch          Hex            10%        N/A       19%         3
 Tukima's Dance           Hex            10%        N/A       19%         3
 Dazzling Flash           Conj/Hex       12%        N/A       34%         3


Dungeon Overview and Level Annotations

Branches:
Dungeon (1/15)

Altars:


Innate Abilities, Weirdness & Mutations

You have extremely sharp teeth.
When hurt, damage is shared between your health and your magic reserves.
Your bite disrupts and absorbs the magic of your enemies.
Potions cannot restore your health.


Message History

You kill the quokka!
There is an open door here.
Things that are here:
a quokka corpse; a frilled lizard corpse
Okay, then.
You don't know any spells.
You start resting.
HP restored.
A bat comes into view.
A kobold comes into view. It is wielding a +0 club.
Found a ring mail.
Found a rapier and a scroll labelled RUMUGG AVUYSCHO.
The kobold shouts!
You hear a shout!
A gnoll comes into view. It is wielding a +0 club.
A kobold comes into view. It is wielding a +0 dagger.
The gnoll shouts!
You see here a scroll labelled METINOV MOBRO.
d - a scroll labelled METINOV MOBRO A giant cockroach comes into view.
A kobold comes into view. It is wielding a +0 dagger.
Found 5 gold pieces.
Found 3 scrolls labelled OGAEK FOEDGH.
The helpless giant cockroach fails to defend itself.
You puncture the giant cockroach!
You kill the giant cockroach!
The kobold attacks as you move away! The kobold hits you with a +0 club.
You closely miss the kobold. Your bite misses the kobold.
The kobold barely misses you.
You hit the kobold but do no damage. The kobold completely misses you.
You hit the kobold but do no damage. The kobold hits you with a +0 club.
The kobold attacks as you move away! The kobold hits you with a +0 club.
A bat comes into view.
The kobold completely misses you.
You hit the kobold but do no damage. Your bite misses the kobold.
The kobold hits you but does no damage. The kobold hits you with a +0 club.
* * * LOW HITPOINT WARNING * * *
You hit the kobold.
The kobold is moderately wounded.
The kobold barely misses you. The kobold hits you with a +0 club.
You die...

#.# . ... ?K .b# ##.##
..[## #.. ..b . ..#
##...###### #.# .###..
........K.###.### ......
#..?..@Kg......#.##.#..
#....###.......#.##.#g.
#............#.......#..
#............##.#.#..#..
#............##.# $..#..
#. ..........##.# #.#..
# ..........##.####.#..
..........##......g..
.........#######....


You could see a gnoll, a bat (asleep) and 2 kobolds.

Vanquished Creatures
  A giant cockroach (D:1)
  A goblin (D:1)
  A quokka (D:1)
  A frilled lizard (D:1)
4 creatures vanquished.

Notes
Turn   | Place    | Note
-------+----------+-------------------------------------------
     0 | D:1      | monsoonserge the Vine Stalker Enchanter began the quest for
                  | the Orb.
     0 | D:1      | Reached XP level 1. HP: 9/9 MP: 4/4
    31 | D:1      | Reached skill level 1 in Short Blades
    89 | D:1      | Slain by a kobold

Illustrated notes

Levels and vault maps discovered:
D:1:      spicycebolla_arrival_risky_transporter, layout_basic, serial_shops,
          nicolae_shop_peninsula, minmay_crystal_room, minmay_tetromino_t4

Skill      XL: |  1 |
---------------+----+-----
Short Blades   | 1 |  1.0
Fighting       | |  0.3
Dodging        | |  1.5
Stealth        | |  3.8
Spellcasting   | |  2.2
Hexes          | |  3.0

Action                     || total
---------------------------++-------
  Melee: Dagger            ||    13
         Bite              ||     1
   Stab: Sleeping          ||     2
 Armour: Robe              ||     1
  Dodge: Dodged            ||     8
